 Dungeon Crawl Stone Soup version 0.28-a0-1629-gf728b707aa (webtiles) character file.

Game seed: 2456360100306470547

220 ragingrage the Charlatan (level 5, -3/30 HPs)
             Began as a Gargoyle Artificer on Jan 24, 2022.
             Slain by a gnoll (7 damage)
             ... on level 3 of the Dungeon.
             The game lasted 00:03:22 (3709 turns).

ragingrage the Charlatan (Gargoyle Artificer)       Turns: 3709, Time: 00:03:22

Health: -3/30      AC:  8    Str: 17    XL:     5   Next: 97%
Magic:  5/5        EV: 11    Int: 12    God:
Gold:   128        SH:  0    Dex: 10    Spells: 4/4 levels left

rFire   . . .      SeeInvis .   a - +0 broad axe
rCold   . . .      Faith    .   (no shield)
rNeg    + . .      Spirit   .   b - +0 leather armour
rPois   ∞          Reflect  .   (no helmet)
rElec   +          Harm     .   (no cloak)
rCorr   .          Rampage  .   (no gloves)
Will    .....                   h - +0 pair of boots
Stlth   +.........              (no amulet)
HPRegen 0.10/turn               (no ring)
MPRegen 0.09/turn               (no ring)

@: no status effects
A: sickness immunity, AC +4, negative energy resistance 1, electricity
resistance, torment resistance 1, petrification resistance
a: no special abilities


You were on level 3 of the Dungeon.
You visited 1 branch of the dungeon, and saw 3 of its levels.

You collected 128 gold pieces.

Inventory:

Hand Weapons
 a - a +0 broad axe (weapon)
Missiles
 g - 2 poisoned darts
Armour
 b - a +0 leather armour (worn)
 h - a +0 pair of boots (worn)
Jewellery
 p - an amulet of regeneration
Wands
 c - a wand of flame (7) (quivered)
 d - a wand of charming (11)
Scrolls
 i - a scroll of teleportation {unknown}
 k - 2 scrolls of identify {unknown}
 o - a scroll of fog {unknown}
Potions
 f - a potion of might {unknown}
 j - 2 potions of cancellation {unknown}
 l - 2 potions of lignification {unknown}
 m - a potion of degeneration {unknown}
 n - a potion of attraction {unknown}
Miscellaneous
 e - a piece from Xom's chessboard (15/15)


   Skills:
 - Level 1.8 Fighting
 + Level 3.1 Axes
 - Level 2.1 Armour
 - Level 0.7 Dodging
 - Level 1.1 Stealth
 + Level 4.5 Evocations


You had 4 spell levels left.
You didn't know any spells.
Your spell library contained the following spells:

 Spells                   Type           Power      Damage    Failure   Level
 Animate Skeleton         Necr           0%         N/A       36%         1
 Beastly Appendage        Tmut           0%         N/A       36%         1
 Pain                     Necr           0%         1d4       36%         1
 Wereblood                Tmut           0%         N/A       52%         2
 Spider Form              Tmut/Pois      0%         N/A       75%         3
 Tukima's Dance           Hex            0%         N/A       75%         3
 Vampiric Draining        Necr           0%         2d6       75%         3
 Anguish                  Hex/Necr       0%         N/A       98%         4
 Enfeeble                 Hex            0%         N/A       100%        7


Dungeon Overview and Level Annotations

Branches:
Dungeon (3/15)

Altars:
Ashenzari


Innate Abilities, Weirdness & Mutations

You are immune to sickness and miasma.
Your stone body is resilient. (AC +4)
You are immune to poison.
You resist negative energy. (rN+)
You are resistant to electric shocks. (rElec)
You are resistant to unholy torment.
You are immune to petrification.


Message History

r - Retreat! s - Stop attacking. g - Guard the area. f - Follow me.
Anything else - Cancel.
Gang up on whom?
Press: ? - help, Dir - move target, f - gnoll, p - gnoll
Aim: a gnoll, wielding a +0 flail (severely wounded) Attack!
Your gnoll hits the gnoll with a +0 spear.
The gnoll dies!
Your gnoll closely misses the gnoll.
What are your orders? t - Shout!
Orders for allies: a - Attack new target. r - Retreat! s - Stop attacking. g - Guard the area. f - Follow me.
Anything else - Cancel.
Gang up on whom?
Press: ? - help, Dir - move target, f - gnoll
Aim: a gnoll, wielding a +0 flail (ally target) Attack!
Your gnoll barely misses the gnoll.
The gnoll closely misses your gnoll.
Your gnoll hits the gnoll with a +0 spear.
The gnoll hits your gnoll with a +0 flail!
Your gnoll barely misses the gnoll.
The gnoll hits your gnoll with a +0 flail!
Your gnoll dies!
Aiming: Throw Flame
Press: ? - help, Q - select action, (/) - cycle Shift-Dir - straight line, f/p - gnoll
Aim: a gnoll, wielding a +0 flail (moderately wounded, 77% to hit)
The puff of flame hits the gnoll!
The gnoll is almost dead.
You hit the gnoll but do no damage.
The gnoll is almost dead.
The gnoll barely misses you.
You hit the gnoll but do no damage.
The gnoll is almost dead.
The gnoll hits you with a +0 flail.
* * * LOW HITPOINT WARNING * * *
The gnoll hits you with a +0 flail!
You die...

#.# #...### #...#._.'. #.#
##.## #...#...#. #.# #.#
########...##### #.# #.#
............#.... #.# #.#
..........#.##... #.# #.#
########..#..###. #.# #.#
#..#....##
#.#####.############..#.#####
#......#....@g))......#
#######.#############.# #.#
#.# #.# #.# #.########## #.#
#..........# #.# ##########.#
#.. #.# ### #.#


You could see a gnoll.

Vanquished Creatures
  An ogre (D:2)
  6 adders
  A worm (D:2)
  2 dart slugs
  2 orcs (D:3)
  6 bats
  8 endoplasms
  3 giant cockroaches (D:1)
  6 goblins
  2 hobgoblins (D:1)
  5 quokkas
  6 ball pythons
  4 frilled lizards
  7 kobolds
  5 rats
64 creatures vanquished.

Vanquished Creatures (collateral kills)
  A gnoll (D:3)
1 creature vanquished.

Vanquished Creatures (others)
  A gnoll (D:3)
1 creature vanquished.

Grand Total: 66 creatures vanquished

Notes
Turn   | Place    | Note
-------+----------+-------------------------------------------
     0 | D:1      | ragingrage the Gargoyle Artificer began the quest for the
                  | Orb.
     0 | D:1      | Reached XP level 1. HP: 12/12 MP: 1/1
   144 | D:1      | Reached XP level 2. HP: 17/17 MP: 2/2
   151 | D:1      | Reached skill level 3 in Evocations
   691 | D:1      | Found a faded altar of an unknown god.
  1011 | D:1      | Reached XP level 3. HP: 17/21 MP: 3/3
  1219 | D:1      | Reached skill level 1 in Axes
  1984 | D:2      | Reached XP level 4. HP: 22/26 MP: 4/4
  2282 | D:2      | Noticed an ogre
  2287 | D:2      | Killed an ogre
  2288 | D:2      | Reached skill level 4 in Evocations
  2288 | D:2      | Reached XP level 5. HP: 30/30 MP: 5/5
  3491 | D:3      | Found a broken altar of Ashenzari.
  3709 | D:3      | Slain by a gnoll

Illustrated notes

Levels and vault maps discovered:
D:1:      dpeg_arrival_rhombi, layout_loops_ring,
          chequers_ecumenical_altar_island, minmay_indecisive_spiral
D:2:      layout_rooms
D:3:      layout_loops_ring, nicolae_ashenzari_skybound

Skill      XL: |  1  2  3  4  5 |
---------------+----------------+-----
Evocations     | 3 4 |  4.5
Axes           | 1 2 3 |  3.1
Fighting       | |  1.8
Armour         | |  2.1
Dodging        | |  0.7
Stealth        | |  1.1

Action                   |  1- 3 |  4- 6 || total
-------------------------+-------+-------++-------
Melee: Club              |    45 |       ||    45
       Punch             |     1 |       ||     1
       Broad axe         |   105 |   133 ||   238
Evoke: Wand              |     1 |    11 ||    12
 Stab: Sleeping          |     1 |       ||     1
Armor: Leather armour    |    98 |    82 ||   180
Dodge: Dodged            |   152 |    97 ||   249

Table legend: (Time is in decaauts)
 A = Elapsed time spent in this place.
 B = Non-inter-level travel time spent in this place.
 C = Inter-level travel time spent in this place.
 D = Time resting spent in this place.
 E = Time spent auto-exploring this place.
 F = Levels seen in this place.
 G = Mean time per level.
                   A        B        C        D        E       F      G
               +--------+--------+--------+--------+--------+-----+--------+
         Total |   3850 |   3802 |     48 |   1481 |   1480 |   3 | 1283.3 |
       Dungeon |   3850 |   3802 |     48 |   1481 |   1480 |   3 | 1283.3 |
               +--------+--------+--------+--------+--------+-----+--------+

Top non-repeatable levels by time:
     D:1: 1988 daAuts
     D:2: 1144 daAuts
     D:3: 717 daAuts
